 Dungeon Crawl Stone Soup version 0.27-a0-1501-g9d6fb14e67 (webtiles) character file.

Game seed: 14560367130330362257

74839 BlueGoblin the Destroyer (level 15, -2/113 HPs)
             Began as a Purple Draconian Conjurer on July 7, 2021.
             Was a High Priest of Vehumet.
             Killed from afar by Frances (36 damage)
             ... with a shard of ice
             ... on level 13 of the Dungeon on July 8, 2021.
             The game lasted 02:23:01 (36812 turns).

BlueGoblin the Destroyer (DrCj)                    Turns: 36812, Time: 02:23:02

Health: -2/113     AC: 19    Str: 12    XL:     15   Next: 8%
Magic:  11/31      EV: 16    Int: 26    God:    Vehumet [*****.]
Gold:   2695       SH:  9    Dex: 17    Spells: 5/39 levels left

rFire    . . .     SeeInvis .   b - staff of conjuration
rCold    . . .     Faith    .   j - +3 buckler
rNeg     . . .     Spirit   .   (armour unavailable)
rPois    .         Reflect  .   (helmet restricted)
rElec    +         Harm     .   n - +1 cloak
rCorr    .         Rampage  .   B - +2 pair of gloves
Will     +++..                  f - +0 pair of boots
Stlth    +++.......             q - amulet of magic regeneration
HPRegen  0.28/turn              c - +4 ring of protection
MPRegen  0.47/turn              Q - ring "Hadousel" {rElec Will+ Int+2 Dex+5}

@: very slightly contaminated, studying Hexes
A: breathe power, AC +9, unfitting armour, cold-blooded, stinger 1, agile 1,
strong 1
a: Breathe Dispelling Energy, Renounce Religion


You were on level 13 of the Dungeon.
You worshipped Vehumet.
Vehumet was extremely pleased with you.
You visited 4 branches of the dungeon, and saw 22 of its levels.
You also visited: Sewer and Bailey.

You collected 2695 gold pieces.

Inventory:

Hand Weapons
 a - the +8 morningstar "Dahuc" {protect, Will+}
   (You found it on level 8 of the Dungeon)

   It grants its wielder temporary protection when it strikes (+7 to AC).
   Will:      It increases your willpower.
Missiles
 d - 4 atropa-tipped darts
 i - 69 poisoned darts (quivered)
 o - 4 datura-tipped darts
 K - 2 curare-tipped darts
 L - 4 throwing nets
Armour
 f - a +0 pair of boots (worn)
 j - a +3 buckler (worn)
 n - a +1 cloak (worn)
 B - a +2 pair of gloves (worn)
Magical Staves
 b - a staff of conjuration (weapon)
 g - a staff of cold
Jewellery
 c - a +4 ring of protection (left hand)
 k - a ring of protection from fire
 p - a ring of fire
 q - an amulet of magic regeneration (around neck)
 I - an amulet of the acrobat
 J - a ring of poison resistance
 O - a ring of resist corrosion
 Q - the ring "Hadousel" (right hand) {rElec Will+ Int+2 Dex+5}
   (You acquired it on level 1 of the Orcish Mines)

   [ring of willpower]

   Int:       It affects your intelligence (+2).
   Dex:       It affects your dexterity (+5).
   rElec:     It insulates you from electricity.
   Will:      It increases your willpower.
 U - a ring of flight
 W - a ring of see invisible
Wands
 h - a wand of iceblast (22)
 A - a wand of polymorph (20)
 D - a wand of paralysis (16)
 N - a wand of digging (5)
 P - a wand of flame (19)
 R - a wand of acid (1)
Scrolls
 l - 11 scrolls of teleportation
 u - 3 scrolls of brand weapon
 w - 4 scrolls of fog
 x - 4 scrolls of magic mapping
 y - 3 scrolls of fear
 G - 4 scrolls of immolation
 H - 4 scrolls of amnesia
 S - 9 scrolls of identify
 T - a scroll of enchant weapon
 Y - 3 scrolls of torment
 Z - 3 scrolls of blinking
Potions
 e - 6 potions of curing
 m - a potion of invisibility
 r - 2 potions of berserk rage
 s - 6 potions of attraction
 t - a potion of heal wounds
 v - 2 potions of haste
 z - 3 potions of mutation
 C - 2 potions of degeneration
 E - 6 potions of lignification
 F - a potion of magic
 M - 5 potions of flight
 X - 2 potions of brilliance


   Skills:
 + Level 5.3 Fighting
 + Level 1.7(3.0) Short Blades
 + Level 3.8(4.0) Long Blades
 + Level 7.7 Maces & Flails
 + Level 0.3(4.7) Staves
 + Level 0.8 Throwing
 + Level 7.9 Dodging
 + Level 5.6 Stealth
 + Level 5.4 Shields
 + Level 12.6 Spellcasting
 * Level 14.0 Conjurations
 * Level 9.7 Summonings
 + Level 8.3 Translocations
 + Level 2.5 Transmutations
 + Level 1.2 Fire Magic
 + Level 2.6 Ice Magic
 + Level 3.2 Air Magic
 + Level 0.2 Earth Magic


You had 5 spell levels left.
You knew the following spells:

 Your Spells              Type           Power      Damage    Failure   Level
a - Iskenderun's Mystic   Conj/Tloc      84%        2d17      1%          4
b - Shadow Creatures      Summ           N/A        N/A       10%         6
c - Lightning Bolt        Conj/Air       37%        1d56      1%          5
d - Manifold Assault      Tloc           56%        N/A       3%          5
e - Bolt of Magma         Conj/Fire/Erth 29%        4d13      3%          5
f - Hailstorm             Conj/Ice       74%        3d15      1%          4
g - Irradiate             Conj/Tmut      36%        3d25      1%          5

Your spell library contained the following spells:

 Spells                   Type           Power      Damage    Failure   Level
 Magic Dart               Conj           100%       1d8       0%          1
 Searing Ray              Conj           100%       3d7       0%          2
 Apportation              Tloc           100%       N/A       1%          1
 Shock                    Conj/Air       100%       1d9       1%          1
 Summon Small Mammal      Summ           100%       N/A       1%          1
 Blink                    Tloc           N/A        N/A       1%          2
 Call Imp                 Summ           61%        N/A       1%          2
 Poisonous Vapours        Pois/Air       48%        N/A       1%          2
 Static Discharge         Conj/Air       75%        N/A       1%          2
 Call Canine Familiar     Summ           61%        N/A       1%          3
 Dazzling Flash           Conj/Hex       100%       N/A       1%          3
 Lesser Beckoning         Tloc           28%        N/A       1%          3
 Mephitic Cloud           Conj/Pois/Air  62%        N/A       1%          3
 Fulminant Prism          Conj/Hex       34%        3d16      1%          4
 Sticky Flame             Conj/Fire      71%        2d8       1%          4
 Sting                    Tmut/Pois      88%        1d7       2%          1
 Inner Flame              Hex/Fire       19%        N/A       2%          3
 Swiftness                Air            33%        N/A       2%          3
 Airstrike                Air            16%        N/A       2%          4
 Summon Ice Beast         Ice/Summ       48%        N/A       2%          4
 Animate Skeleton         Necr           32%        N/A       3%          1
 Corona                   Hex            17%        N/A       3%          1
 Pain                     Necr           64%        1d7       3%          1
 Ensorcelled Hibernation  Hex/Ice        46%        N/A       3%          2
 Spider Form              Tmut/Pois      11%        N/A       6%          3
 Olgreb's Toxic Radiance  Pois           16%        N/A       10%         4
 Vampiric Draining        Necr           8%         2d7       11%         3
 Petrify                  Tmut/Erth      23%        N/A       21%         4
 Cause Fear               Hex            8%         N/A       34%         4
 Dispel Undead            Necr           16%        3d10      34%         4
 Blade Hands              Tmut           14%        N/A       34%         5
 Metabolic Englaciation   Hex/Ice        11%        N/A       50%         5
 Alistair's Intoxication  Tmut/Pois      14%        N/A       52%         5
 Statue Form              Tmut/Erth      15%        N/A       97%         6
 Discord                  Hex            8%         N/A       100%        8
 Maxwell's Capacitive Co  Air            16%        ∞         100%        8


Dungeon Overview and Level Annotations

Branches:
Dungeon (13/15)            Temple (1/1) D:6            Lair (6/6) D:10
  Swamp (0/4) Lair:2       Spider (0/4) Lair:3        Slime (0/5) Lair:5
    Orc (2/2) D:9             Elf (0/3) Orc:2         Sewer (visited)
 Bailey (visited)
 Vaults: D:13-14

Altars:
Ashenzari
Cheibriados
Dithmenos
Elyvilon
Fedhas
Gozag
Hepliaklqana
Kikubaaqudgha
Makhleb
Nemelex Xobeh
Okawaru
Qazlal
Ru
Sif Muna
Trog
Uskayaw
Vehumet
Wu Jian
Xom
Yredelemnul
Zin
The Shining One
Beogh

Shops:
D:6 *   D:9 !   Orc:2 ![(=

Annotations:
D:13 Frances


Innate Abilities, Weirdness & Mutations

You can breathe bolts of dispelling energy.
Your rich purple scales are hard. (AC +9)
You cannot fit into any form of body armour.
You are cold-blooded and may be slowed by cold attacks.
Your tail ends in a poisonous barb.
You are agile. (Dex +2)
Your muscles are strong. (Str +2)


Message History

Your centaur warrior kicks the skeletal warrior but does no damage.
Frances, Duchess of Pandemonium comes into view.
She is wielding a +0 glaive.
Your centaur warrior barely misses the skeletal warrior.
Your centaur warrior closely misses the skeletal warrior.
Your centaur warrior hits the skeletal warrior!
Your centaur warrior kicks the skeletal warrior but does no damage.
Casting: Irradiate (mildly dangerous; 1% risk of failure)
Confirm with . or Enter, or press ? or * to list all spells.
You feel a surge of power!
You erupt in a fountain of uncontrolled magic!
The skeletal warrior is blasted with magical radiation!!!
You destroy the skeletal warrior!
Vehumet accepts your kill.
Press: ? - help, v - describe, . - travel
Here: Frances, wielding a +0 glaive and wearing a +0 scale mail The floor.
You block the skeletal warrior's attack.
Your centaur warrior wields a +0 shortbow.
Your centaur warrior shoots an arrow.
The arrow hits the skeletal warrior!
You block the skeletal warrior's attack.
Frances chants phrases taken from a devil's mouth.
The iron shot hits you!!
Your centaur warrior shoots an arrow.
The arrow hits the skeletal warrior!
Your centaur warrior unwields a +0 shortbow.
Your centaur warrior hits the skeletal warrior!
Your centaur warrior kicks the skeletal warrior but does no damage.
Frances misses you.
Your centaur warrior dissolves into shadows!
The skeletal warrior closely misses you.
Frances whispers indecipherable words.
Frances seems to speed up.
Frances hits you from afar with a +0 glaive!!
The skeletal warrior hits you from afar with a +0 halberd!!
Frances hits you from afar with a +0 glaive!
Frances misses you.
Things that are here:
a +0 troll leather armour; a troll corpse Frances mutters in a terrible tongue.
The shard of ice hits you!!!
You die...

..## #..# .
####..####
.###....(...#
............#
####.........#
.......†.....#
##..........#
#....@.....#
###.....[....#
#............#
..#.)..@z....#
# #.........)#
#..........#
############


You could see Frances (fast) and a skeletal warrior.

Vanquished Creatures
  A fire dragon (Lair:6)
  Erolcha (Orc:2)
  2 nameless horrors
  6 hydras
  Harold (D:11)
  The ghost of UngaStrats the Grappler, a novice TrBe of Trog (D:8)
  A centaur warrior (D:13)
  2 ogre magi (Orc:2)
  Erica (D:9)
  2 catoblepae (Lair:4)
  8 two-headed ogres (Orc:2)
  An orc high priest (Orc:1)
  Sonja (D:10)
  A skeletal warrior (D:13)
  2 deep trolls (Orc:2)
  2 bog bodies (Lair:2)
  Pikel (D:6)
  An orc knight (Orc:1)
  A deep elf pyromancer (D:12)
  2 lindwurms
  2 ugly things
  3 cyclopes
  Maurice (D:11)
  Joseph (Lair:1)
  3 elephants (Lair:3)
  8 black mambas
  A centaur zombie (D:10)
  2 molten gargoyles (Lair:6)
  Maggie (D:6)
  12 cane toads
  A rime drake (Lair:6)
  2 unseen horrors (D:12)
  2 kobold demonologists (Bailey)
  A freezing wraith (D:12)
  17 komodo dragons
  16 trolls
  A hornet (D:10)
  Prince Ribbit (D:9)
  10 slime creatures
  18 blink frogs
  A meliai zombie (D:11)
  A shadow (D:12)
  A spriggan (Lair:3)
  6 wraiths
  32 yaks
  9 wyverns
  6 basilisks
  Grum (D:8)
  2 steam dragons (Lair:6)
  7 wargs
  Menkaure (D:6)
  2 acid dragons
  16 water moccasins
  Duvessa (D:7)
  7 hell hounds
  Purgy (Sewer)
  31 orc warriors
  A sky beast (D:5)
  An ice beast (D:5)
  3 black bears
  23 ogres
  10 centaurs
  A lemure (D:6)
  15 wolves
  A phantom (D:4)
  13 bullfrogs
  2 kobold brigands
  5 gnoll sergeants
  7 scorpions
  Dowan (D:7)
  14 wights
  13 killer bees
  A howler monkey (D:9)
  3 electric eels (Bailey)
  5 lava snakes (Lair:6)
  A gnoll shaman (D:9)
  4 hounds
  19 orc priests
  2 bullfrog skeletons
  6 jellies
  A centaur skeleton (D:7)
  13 orc wizards
  4 iguanas
  2 killer bee zombies (D:8)
  A howler monkey zombie (D:9)
  3 adders
  35 gnolls
  A shadow imp (D:6)
  3 white imps
  An ufetubus (D:7)
  An adder skeleton (D:4)
  5 worms
  4 dart slugs
  95 orcs
  6 bats (D:2)
  7 endoplasms
  14 giant cockroaches
  21 goblins
  25 hobgoblins
  13 jackals
  8 quokkas
  3 ball pythons
  2 frilled lizards
  11 kobolds
  8 rats
  A butterfly (Lair:1)
705 creatures vanquished.

Vanquished Creatures (collateral kills)
  An orc warlord (Orc:2)
  A hydra (Lair:3)
  A boulder beetle (D:12)
  A skeletal warrior (D:13)
  2 cyclopes
  A centaur zombie (D:10)
  A komodo dragon (D:12)
  2 nameless horrors
  An acid dragon (D:12)
  2 water moccasins
13 creatures vanquished.

Vanquished Creatures (others)
  2 orc warriors (Bailey)
  3 bushes (Lair:6)
  80 fungi
  110 plants
195 creatures vanquished.

Grand Total: 913 creatures vanquished

Notes
Turn   | Place    | Note
-------+----------+-------------------------------------------
     0 | D:1      | BlueGoblin the Draconian Conjurer began the quest for the
                  | Orb.
     0 | D:1      | Reached XP level 1. HP: 14/14 MP: 3/3
   407 | D:1      | Reached XP level 2. HP: 17/20 MP: 1/5
   548 | D:1      | Learned a level 2 spell: Searing Ray
   635 | D:1      | Got the Guide on Supportive Shape Shifting
   674 | D:1      | Found a faded altar of an unknown god.
  1302 | D:1      | Reached XP level 3. HP: 26/26 MP: 3/6
  2273 | D:2      | Reached skill level 5 in Conjurations
  2369 | D:2      | Reached XP level 4. HP: 33/33 MP: 2/7
  3301 | D:3      | Learned a level 4 spell: Iskenderun's Mystic Blast
  3453 | D:3      | Reached XP level 5. HP: 38/38 MP: 6/9
  3700 | D:3      | Reached skill level 1 in Translocations
  4349 | D:4      | Noticed a phantom
  4417 | D:4      | Reached XP level 6. HP: 45/45 MP: 7/10
  4702 | D:4      | Reached skill level 1 in Shields
  4879 | D:4      | Reached skill level 1 in Short Blades
  4879 | D:4      | Reached skill level 1 in Long Blades
  4935 | D:4      | Reached skill level 1 in Fighting
  4935 | D:4      | Your scales start taking on a rich purple colour.
  4935 | D:4      | Reached XP level 7. HP: 52/52 MP: 9/13
  5252 | D:4      | Found a hazy altar of Hepliaklqana.
  5403 | D:4      | Found a glowing silver altar of Zin.
  5595 | D:5      | Entered Level 5 of the Dungeon
  5990 | D:5      | Reached skill level 6 in Conjurations
  6211 | D:5      | Found a glowing drain.
  6226 | Sewer    | Entered a sewer
  6406 | Sewer    | Noticed Purgy
  6410 | Sewer    | Killed Purgy
  6673 | D:5      | Reached XP level 8. HP: 59/59 MP: 4/15
  6894 | D:5      | Found a shimmering altar of Xom.
  7280 | D:6      | Noticed Maggie
  7299 | D:6      | Killed Maggie
  7300 | D:6      | Reached skill level 5 in Spellcasting
  7300 | D:6      | Reached skill level 7 in Conjurations
  7404 | D:6      | Found Necotol's Lightly-Used Armoury.
  7710 | D:6      | Noticed Menkaure
  7715 | D:6      | Killed Menkaure
  7843 | D:6      | Identified the +5 chain mail "Iffy" {Int+3 Dex+4}
  8059 | D:6      | Noticed Pikel
  8069 | D:6      | Killed Pikel
  8070 | D:6      | Reached skill level 8 in Conjurations
  8070 | D:6      | Reached XP level 9. HP: 62/67 MP: 8/17
  8512 | D:6      | Found a staircase to the Ecumenical Temple.
  8525 | Temple   | Entered the Ecumenical Temple
  8681 | Temple   | Became a worshipper of Vehumet
  8757 | D:7      | Noticed Duvessa
  8758 | D:7      | Noticed Dowan
  8762 | D:7      | Killed Dowan
  8982 | D:7      | Killed Duvessa
  9206 | D:7      | Noticed a troll
  9217 | D:7      | Killed a troll
  9686 | D:7      | Reached skill level 5 in Translocations
 10423 | D:8      | Reached skill level 9 in Conjurations
 10719 | D:8      | Reached * piety under Vehumet
 10719 | D:8      | Offered knowledge of Shock by Vehumet.
 10735 | D:8      | Reached XP level 10. HP: 57/74 MP: 4/20
 10808 | D:8      | Identified the +8 morningstar "Dahuc" {protect, Will+}
 10880 | D:8      | Found a bloodstained altar of Trog.
 11418 | D:8      | Noticed Grum
 11422 | D:8      | Reached skill level 5 in Dodging
 11433 | D:8      | Reached skill level 1 in Maces & Flails
 11435 | D:8      | Killed Grum
 11436 | D:8      | Reached ** piety under Vehumet
 11673 | D:8      | Learned a level 4 spell: Summon Ice Beast
 11828 | D:9      | Offered knowledge of Poisonous Vapours by Vehumet.
 11844 | D:8      | Reached skill level 1 in Summonings
 12185 | D:9      | Noticed Prince Ribbit
 12191 | D:9      | Killed Prince Ribbit
 12413 | D:9      | Found a staircase to the Orcish Mines.
 12418 | D:9      | Offered knowledge of Static Discharge by Vehumet.
 12613 | D:9      | Reached *** piety under Vehumet
 12756 | D:9      | Learned a level 5 spell: Manifold Assault
 12909 | D:9      | Noticed Erica
 12910 | D:9      | Offered knowledge of Airstrike by Vehumet.
 12921 | D:9      | Found Enoowo's Distillery.
 13461 | D:9      | Killed Erica
 13462 | D:9      | Reached XP level 11. HP: 33/82 MP: 3/22
 13759 | D:9      | Found a runed translucent gate.
 13787 | D:9      | Found a runed translucent gate.
 13789 | D:9      | Found a runed translucent gate.
 13792 | D:9      | Noticed UngaStrats's ghost (novice TrBe)
 13923 | D:9      | Learned a level 4 spell: Airstrike
 14879 | D:8      | Killed UngaStrats's ghost
 14880 | D:8      | Reached skill level 10 in Conjurations
 15289 | D:10     | Entered Level 10 of the Dungeon
 15490 | D:9      | Upgraded the game from 0.27-a0-1497-gf8f22f7954 to
                  | 0.27-a0-1501-g9d6fb14e67
 15519 | D:10     | Noticed Sonja
 15694 | D:10     | Killed Sonja
 15930 | D:10     | Reached skill level 1 in Ice Magic
 16329 | D:10     | Found a staircase to the Lair.
 16793 | D:10     | Identified a scroll of acquirement
 16793 | D:10     | Acquired a staff of conjuration
 16832 | Lair:1   | Entered Level 1 of the Lair of Beasts
 16832 | Lair:1   | Noticed a seven-headed hydra
 16852 | D:10     | Killed a seven-headed hydra
 17728 | Lair:1   | Noticed a six-headed hydra
 17797 | D:10     | Reached skill level 5 in Stealth
 18228 | D:10     | Killed a six-headed hydra
 18229 | D:10     | Reached skill level 5 in Maces & Flails
 18531 | Lair:1   | Reached **** piety under Vehumet
 18601 | Lair:1   | Noticed a seven-headed hydra
 18612 | Lair:1   | Killed a seven-headed hydra
 18613 | Lair:1   | Reached XP level 12. HP: 75/91 MP: 8/24
 18804 | Lair:1   | Offered knowledge of Hailstorm by Vehumet.
 18812 | Lair:1   | Learned a level 4 spell: Hailstorm
 18850 | Lair:1   | Noticed Joseph
 18857 | Lair:1   | Reached skill level 5 in Summonings
 18871 | Lair:1   | Killed Joseph
 19298 | Lair:1   | Reached skill level 11 in Conjurations
 20380 | Lair:2   | Reached skill level 1 in Air Magic
 20937 | Lair:2   | Noticed a four-headed hydra
 21041 | Lair:2   | Killed a four-headed hydra
 21303 | Lair:2   | Found a staircase to the Swamp.
 21788 | Lair:3   | Noticed a four-headed hydra
 22026 | Lair:3   | Reached ***** piety under Vehumet
 22026 | Lair:3   | Offered knowledge of Lightning Bolt by Vehumet.
 22037 | Lair:3   | Reached skill level 10 in Spellcasting
 22179 | Lair:3   | Reached XP level 13. HP: 99/99 MP: 19/27
 22303 | Lair:3   | Found a hole to the Spider Nest.
 23344 | Lair:4   | Learned a level 5 spell: Lightning Bolt
 23370 | Lair:4   | Reached skill level 12 in Conjurations
 23519 | Lair:4   | Gained mutation: You are agile. (Dex +2) [potion of
                  | mutation]
 23519 | Lair:4   | Gained mutation: Your muscles are strong. (Str +2) [potion
                  | of mutation]
 23519 | Lair:4   | Gained mutation: Your tail ends in a poisonous barb.
                  | [potion of mutation]
 24954 | Lair:5   | Found a staircase to the Slime Pits.
 25765 | Lair:6   | Entered Level 6 of the Lair of Beasts
 27197 | Lair:6   | Noticed a fire dragon
 27204 | Lair:6   | Offered knowledge of Irradiate by Vehumet.
 27208 | Lair:6   | Found a large runed translucent door.
 27210 | Lair:6   | Found a large runed translucent door.
 27418 | Lair:6   | Learned a level 5 spell: Irradiate
 27590 | Lair:6   | Reached skill level 1 in Transmutations
 28336 | Lair:6   | Killed a fire dragon
 28424 | Lair:6   | Reached skill level 13 in Conjurations
 28465 | Lair:6   | Learned a level 6 spell: Shadow Creatures
 28839 | Orc:1    | Entered Level 1 of the Orcish Mines
 28940 | Orc:1    | You fall into a shaft and drop 1 floor!
 28940 | Orc:2    | Entered Level 2 of the Orcish Mines
 28940 | Orc:2    | Found a staircase to the Elven Halls.
 29059 | Orc:1    | Reached XP level 14. HP: 105/105 MP: 24/29
 29321 | Orc:1    | Found a flagged portal.
 29337 | Bailey   | Entered a bailey
 29464 | Bailey   | Reached skill level 5 in Shields
 29490 | Bailey   | Found an iron altar of Okawaru.
 29531 | Bailey   | Found the +7 mace of Variability {chain chaos}
 30728 | Orc:1    | Acquired the ring "Hadousel" {rElec Will+ Int+2 Dex+5}
 31544 | Orc:2    | Noticed an orc warlord
 31549 | Orc:2    | Reached skill level 5 in Fighting
 31571 | Orc:2    | Killed an orc warlord
 31721 | Orc:2    | Noticed Erolcha
 31770 | Orc:2    | Killed Erolcha
 32120 | Orc:2    | Offered knowledge of Bolt of Magma by Vehumet.
 32645 | Orc:2    | Found Ureduis's Jewellery Boutique.
 32648 | Orc:2    | Found Peucloirghiti's Weapon Emporium.
 32662 | Orc:2    | Found Afaweaf's Armour Shop.
 32663 | Orc:2    | Found Civu's Distillery.
 33415 | D:11     | Noticed Maurice
 33427 | D:11     | Killed Maurice
 33470 | D:11     | Learned a level 5 spell: Bolt of Magma
 33631 | D:11     | Noticed Harold
 33639 | D:11     | Killed Harold
 35927 | D:12     | Reached skill level 1 in Fire Magic
 36588 | D:13     | Reached XP level 15. HP: 95/113 MP: 18/31
 36768 | D:13     | Reached skill level 14 in Conjurations
 36800 | D:13     | Noticed Frances
 36812 | D:13     | Killed from afar by Frances

Illustrated notes

Levels and vault maps discovered:
D:1:      dpeg_arrival_chambers_temple_mockup, layout_basic,
          hellmonk_ecumenical_altar_lost_god, st_stairs_11,
          minmay_misc_feat_ornament, amcnicky_mini_corridor_feature,
          minmay_box_of_dots
D:2:      layout_rooms, minmay_misc_feat_encased, fountainhead,
          serial_bayou_ford_a, minmay_goblin_kobold_house
D:3:      cheibrodos_pilgrimage, layout_basic
D:4:      layout_loops_ring, mainiacjoe_overflow_big_doors, serial_park_tiny_2,
          minivault_11
D:5:      layout_rooms, dk_xom_monty_hall, gup_sewer_entry_pipe
D:6:      layout_basic, minmay_temple_entry_statues, minmay_shop_damaged,
          uniq_menkaure, uniq_pikel, uniq_maggie
D:7:      layout_loops_cross, uniq_duvessa
D:8:      minmay_general_purpose_star, layout_basic,
          mainiacjoe_overflow_cross_hatched, uniq_grum
D:9:      layout_cave_pools, erik_orc_3, serial_gnoll_camp,
          gnoll_camp_mini_loothouse, gnoll_camp_mini_shop,
          gnoll_camp_mini_house, gnoll_camp_mini_house,
          gammafunk_ghost_spectres, corexii_mini_fake_secret_closet,
          minivault_4, hangedman_abyss_or_decor_stabs, kb_lookout_dungeons_type,
          uniq_prince_ribbit1, uniq_erica
D:10:     layout_cave_pools, due_lair_maze_entry_diamond, serial_bayou_pond_e,
          uniq_sonja
D:11:     layout_loops_ring, hangedman_abyss_or_decor_slice, uniq_maurice,
          uniq_harold
D:12:     layout_irregular_city
D:13:     minmay_two_paths, layout_rooms, serial_glass, glass_columns_b,
          glass_columns_b, glass_columns_b, glass_columns_b, glass_columns_b,
          glass_columns_c, glass_columns_a, glass_columns_a, glass_columns_a,
          glass_columns_c, lemuel_zombie_altar_yredelemnul, uniq_frances
Temple:   regret_index_temple_mists
Lair:1:   layout_cave_pods, grunt_megastairs_3, serial_bayou_shore_a,
          infiniplex_staircase_pool, lemuel_fruit_fields, uniq_joseph
Lair:2:   layout_long_grid, skrybe_swamp_entry_bodies, grunt_megastairs_4
Lair:3:   layout_regular_city, nicolae_spider_entry_non_spiders,
          grunt_forest_large_clearing_hut
Lair:4:   layout_roguey
Lair:5:   layout_regular_city, minmay_slime_entry_pillars
Lair:6:   cheibrodos_lair_end_hotspot, layout_hall_layers,
          chequers_serial_rivers_micro_b
Orc:1:    layout_caves, enter_bailey_5, enter_volcano_3, minmay_orc_temple_c
Orc:2:    st_orc_open, layout_caves, uniq_erolcha

Skill      XL: |  1  2  3  4  5  6  7  8  9 10 11 12 13 14 15 |
---------------+----------------------------------------------+-----
Dodging        | 2 3 4 6 7 |  7.9
Stealth        | 2 3 4 5 |  5.6
Conjurations   | 5 6 8 9 10 11 13 14 | 14.0
Spellcasting   | 3 4 5 6 7 8 10 11 12 | 12.6
Translocations | 1 2 3 4 5 6 7 8 |  8.3
Shields        | 1 2 3 4 5 |  5.4
Short Blades   | 1 |  1.7
Long Blades    | 1 2 3 |  3.8
Fighting       | 1 2 3 4 5 |  5.3
Maces & Flails | 3 5 6 7 |  7.7
Summonings     | 2 4 6 7 9 |  9.7
Ice Magic      | 1 2 |  2.6
Air Magic      | 1 2 3 |  3.2
Transmutations | 1 2 |  2.5
Fire Magic     | 1 |  1.2
Staves         | |  0.3
Throwing       | |  0.8
Earth Magic    | |  0.2

Action                   |  1- 3 |  4- 6 |  7- 9 | 10-12 | 13-15 || total
-------------------------+-------+-------+-------+-------+-------++-------
Melee: Dagger            |    44 |    23 |       |       |       ||    67
       Tailslap          |     5 |     4 |     1 |    19 |    30 ||    59
       Falchion          |       |    22 |    26 |       |       ||    48
       Short sword       |       |     7 |       |       |       ||     7
       Morningstar       |       |       |       |   232 |   344 ||   576
       Staff             |       |       |       |    23 |    20 ||    43
Throw: Dart              |       |     5 |       |       |     1 ||     6
 Cast: Magic Dart        |    18 |     3 |       |       |       ||    21
       Searing Ray       |    31 |    34 |    77 |    96 |    33 ||   271
       Iskenderun's Myst |       |       |     4 |    84 |    27 ||   115
       Manifold Assault  |       |       |       |    18 |    20 ||    38
       Summon Ice Beast  |       |       |       |    14 |     3 ||    17
       Airstrike         |       |       |       |     8 |     5 ||    13
       Hailstorm         |       |       |       |    19 |    36 ||    55
       Lightning Bolt    |       |       |       |       |    99 ||    99
       Irradiate         |       |       |       |       |   104 ||   104
       Shadow Creatures  |       |       |       |       |    18 ||    18
       Bolt of Magma     |       |       |       |       |    14 ||    14
 Abil: Breathe Dispellin |       |       |    15 |    16 |     1 ||    32
Evoke: Wand              |       |       |       |     1 |     1 ||     2
  Use: Scroll            |     4 |     1 |    14 |    10 |    12 ||    41
       Potion            |       |       |       |     3 |     2 ||     5
 Stab: Sleeping          |       |     1 |       |     1 |     3 ||     5
       Distracted        |       |       |       |       |     2 ||     2
Armor: Skin              |    28 |    26 |    46 |   170 |   176 ||   446
Dodge: Dodged            |    49 |    32 |    65 |   339 |   336 ||   821
Block: Buckler           |     4 |    13 |    30 |   176 |   184 ||   407
       Rpst.: Falchion   |       |     5 |    22 |       |       ||    27

Table legend: (Time is in decaauts)
 A = Elapsed time spent in this place.
 B = Non-inter-level travel time spent in this place.
 C = Inter-level travel time spent in this place.
 D = Time resting spent in this place.
 E = Time spent auto-exploring this place.
 F = Levels seen in this place.
 G = Mean time per level.
                   A        B        C        D        E       F      G
               +--------+--------+--------+--------+--------+-----+--------+
         Total |  37077 |  34892 |   2185 |  14183 |  13799 |  24 | 1544.9 |
       Dungeon |  21127 |  19679 |   1448 |   8305 |   7838 |  13 | 1625.2 |
        Temple |    216 |    206 |     10 |      0 |    159 |   1 |  216.0 |
          Lair |  11053 |  10439 |    614 |   4036 |   4274 |   6 | 1842.2 |
  Orcish Mines |   3035 |   2922 |    113 |   1151 |    929 |   2 | 1517.5 |
         Sewer |    315 |    315 |      0 |      0 |    272 |   1 |  315.0 |
        Bailey |   1329 |   1329 |      0 |    691 |    326 |   1 | 1329.0 |
               +--------+--------+--------+--------+--------+-----+--------+

Top non-repeatable levels by time:
     D:9: 3323 daAuts
  Lair:6: 2888 daAuts
     D:8: 2283 daAuts
  Lair:2: 2255 daAuts
    D:12: 2157 daAuts
    D:10: 1978 daAuts
  Lair:1: 1945 daAuts
     D:6: 1603 daAuts
  Lair:4: 1595 daAuts
     D:7: 1569 daAuts
     D:1: 1566 daAuts
   Orc:2: 1537 daAuts
     D:3: 1525 daAuts
   Orc:1: 1498 daAuts
  Lair:3: 1400 daAuts
